[ AOE2 MATCH · #480509279 ]
Team RMBurgundians vs Vietnamese
[ REPLAY ANALYSIS · EXTRACTED FROM THE RECORDED GAME ]
Feudal
12:26
Castle
16:27
Imperial
31:00
| APM avg | 24.3 |
| APM peak | 62 |
| eAPM avg | 16.3 |
| Villagers / military | 128 / 392 |
Focus
⚔️ 39.1% · 🌾 60.9%
Hand Cannoneer ×189 · Spearman ×97 · Skirmisher ×85 · Trebuchet (Packed) ×12 · Trade Cart ×10 · Monk ×4
Feudal
13:46
Castle
21:46
Imperial
35:40
| APM avg | 19.9 |
| APM peak | 68 |
| eAPM avg | 13.4 |
| Villagers / military | 101 / 181 |
Focus
⚔️ 26.4% · 🌾 73.6%
Eagle Scout ×172 · Trade Cart ×5 · Trebuchet (Packed) ×5 · Monk ×3 · Mangonel ×1
Feudal
13:02
Castle
17:19
Imperial
32:11
| APM avg | 31.7 |
| APM peak | 61 |
| eAPM avg | 16.2 |
| Villagers / military | 91 / 243 |
Focus
⚔️ 45.4% · 🌾 54.6%
Scout Cavalry ×136 · Janissary ×96 · Bombard Cannon ×11 · Trade Cart ×8
Feudal
10:34
Castle
20:40
Imperial
34:47
| APM avg | 36.0 |
| APM peak | 71 |
| eAPM avg | 21.4 |
| Villagers / military | 152 / 239 |
Focus
⚔️ 35.6% · 🌾 64.4%
Archer ×103 · Skirmisher ×76 · Rattan Archer ×30 · Knight ×9 · Fire Lancer ×9 · Bombard Cannon ×7
Match map
Initial resources + every placement click. Lines = walls · curves = elevation contours. ◆ gold · ⬟ stone · ● berries · ✦ relic · ◌ wall gap
Your base· ✓ Closed at 16:27 · 0t walls · no gate
OplitaScelto's base· ✓ Closed at 21:46 · 48t walls · 2 gate(s)
ComanddBR2's base· Open — opponent sealed themselves in
sepa89's base· Open — opponent sealed themselves in
Smoothed initial terrain · ◌ = detected wall gap · hover for details
Inputs per minute
— CryAndDie - - OplitaScelto
Build order — CryAndDie
First 150 of 392 actions detected
| 0:01 | Create | Villager (Male) |
| 0:01 | Create | Villager (Male) |
| 0:01 | Create | Villager (Male) |
| 0:02 | Create | Villager (Male) |
| 0:03 | Build | House |
| 0:04 | Build | House |
| 1:22 | Create | Villager (Male) |
| 1:54 | Build | Lumber Camp |
| 2:15 | Create | Villager (Male) |
| 2:35 | Create | Villager (Male) |
| 2:35 | Create | Villager (Male) |
| 2:58 | Create | Villager (Male) |
| 3:22 | Create | Villager (Male) |
| 3:23 | Create | Villager (Male) |
| 3:59 | Build | House |
| 4:00 | Build | House |
| 4:01 | Build | House |
| 4:22 | Create | Villager (Male) |
| 4:22 | Create | Villager (Male) |
| 4:22 | Create | Villager (Male) |
| 4:56 | Build | Mill |
| 5:02 | Create | Villager (Male) |
| 5:03 | Create | Villager (Male) |
| 5:32 | Create | Villager (Male) |
| 5:32 | Create | Villager (Male) |
| 5:39 | Research | Double-Bit Axe |
| 5:42 | Create | Villager (Male) |
| 6:08 | Build | Farm |
| 6:31 | Create | Villager (Male) |
| 6:56 | Create | Villager (Male) |
| 6:57 | Create | Villager (Male) |
| 6:57 | Create | Villager (Male) |
| 7:03 | Create | Villager (Male) |
| 7:10 | Build | Farm |
| 7:33 | Create | Villager (Male) |
| 7:34 | Create | Villager (Male) |
| 7:59 | Create | Villager (Male) |
| 8:00 | Create | Villager (Male) |
| 9:11 | Create | Villager (Male) |
| 9:44 | Build | Mining Camp |
| 10:04 | Research | Feudal Age |
| 10:33 | Build | Barracks |
| 10:36 | Build | House |
| 11:14 | Create | Villager (Male) |
| 11:15 | Create | Villager (Male) |
| 11:15 | Create | Villager (Male) |
| 12:26 | Age | Feudal Age |
| 12:29 | Build | Stable |
| 12:37 | Build | Blacksmith |
| 12:58 | Build | Farm |
| 13:01 | Build | Farm |
| 13:03 | Build | Farm |
| 13:05 | Build | Farm |
| 13:07 | Build | Farm |
| 13:10 | Build | Farm |
| 13:12 | Build | Farm |
| 13:47 | Research | Castle Age |
| 14:37 | Research | Horse Collar |
| 14:44 | Research | Bow Saw |
| 15:07 | Research | Heavy Plow |
| 15:57 | Research | Stone Mining |
| 16:00 | Research | Wheelbarrow |
| 16:27 | Age | Castle Age |
| 16:30 | Build | Town Center |
| 16:52 | Build | Town Center |
| 17:00 | Research | Town Watch |
| 17:31 | Build | Farm |
| 17:44 | Build | Farm |
| 17:48 | Build | Farm |
| 17:50 | Build | Farm |
| 17:53 | Build | Farm |
| 18:00 | Build | Farm |
| 18:10 | Create | Villager (Male) |
| 18:10 | Create | Villager (Male) |
| 18:11 | Create | Villager (Male) |
| 18:11 | Create | Villager (Male) |
| 18:11 | Create | Villager (Male) |
| 18:12 | Create | Villager (Male) |
| 18:16 | Create | Villager (Male) |
| 18:17 | Create | Villager (Male) |
| 18:40 | Build | Lumber Camp |
| 18:45 | Create | Villager (Male) |
| 18:45 | Create | Villager (Male) |
| 19:02 | Build | Stone Wall |
| 19:08 | Build | Stone Wall |
| 19:12 | Build | Gate |
| 19:13 | Create | Villager (Male) ×3 |
| 19:33 | Create | Villager (Male) ×2 |
| 19:54 | Create | Villager (Male) ×2 |
| 20:09 | Build | Town Center |
| 20:17 | Create | Villager (Male) ×3 |
| 20:21 | Build | House |
| 20:22 | Build | House |
| 20:22 | Build | House |
| 20:42 | Create | Villager (Male) |
| 20:49 | Build | Archery Range |
| 21:04 | Create | Villager (Male) ×4 |
| 21:17 | Build | Farm |
| 21:18 | Build | Farm |
| 21:19 | Build | Farm |
| 21:20 | Build | Farm |
| 21:21 | Build | Farm |
| 21:32 | Create | Villager (Male) ×2 |
| 21:50 | Build | Archery Range |
| 21:53 | Create | Villager (Male) ×3 |
| 22:01 | Build | Farm |
| 22:02 | Build | Farm |
| 22:04 | Build | Farm |
| 22:07 | Build | Farm |
| 22:08 | Build | Farm |
| 22:09 | Create | Villager (Male) |
| 22:11 | Create | Skirmisher |
| 22:11 | Create | Skirmisher |
| 22:23 | Create | Villager (Male) ×2 |
| 22:34 | Build | Town Center |
| 22:35 | Create | Villager (Male) |
| 22:40 | Create | Villager (Male) |
| 22:46 | Build | Farm |
| 22:48 | Build | Farm |
| 22:48 | Build | Farm |
| 22:50 | Create | Villager (Male) ×2 |
| 22:56 | Build | House |
| 22:57 | Build | House |
| 22:58 | Build | House |
| 23:05 | Build | House |
| 23:05 | Build | House |
| 23:06 | Build | House |
| 23:06 | Build | House |
| 23:06 | Build | House |
| 23:06 | Build | House |
| 23:07 | Build | House |
| 23:07 | Build | House |
| 23:08 | Create | Villager (Male) ×2 |
| 23:09 | Create | Villager (Male) |
| 23:13 | Create | Skirmisher |
| 23:19 | Create | Skirmisher |
| 23:19 | Create | Skirmisher |
| 23:27 | Create | Spearman |
| 23:30 | Create | Villager (Male) ×2 |
| 23:40 | Build | Farm |
| 23:41 | Build | Farm |
| 23:42 | Build | Farm |
| 23:44 | Build | Farm |
| 23:44 | Build | Farm |
| 23:44 | Build | Farm |
| 23:44 | Build | Farm |
| 23:45 | Build | Farm |
| 23:45 | Build | Farm |
| 23:45 | Build | Farm |
| 23:45 | Build | Farm |
Build order — OplitaScelto
First 150 of 293 actions detected
| 0:01 | Research | Loom |
| 0:12 | Create | Villager (Male) |
| 0:17 | Build | House |
| 0:20 | Create | Villager (Male) |
| 0:21 | Create | Villager (Male) |
| 0:35 | Create | Villager (Male) |
| 0:35 | Create | Villager (Male) |
| 2:01 | Create | Villager (Male) |
| 2:01 | Create | Villager (Male) |
| 2:26 | Build | House |
| 2:32 | Build | Palisade Wall |
| 2:52 | Create | Villager (Male) |
| 2:53 | Create | Villager (Male) |
| 3:18 | Build | Palisade Wall |
| 3:19 | Create | Villager (Male) |
| 3:19 | Create | Villager (Male) |
| 3:28 | Build | House |
| 3:35 | Build | Palisade Gate |
| 3:36 | Create | Villager (Male) |
| 3:36 | Create | Villager (Male) |
| 3:37 | Create | Villager (Male) |
| 4:10 | Create | Villager (Male) |
| 4:10 | Create | Villager (Male) |
| 4:36 | Create | Villager (Male) |
| 4:59 | Build | Mill |
| 5:47 | Create | Villager (Male) |
| 5:47 | Create | Villager (Male) |
| 6:46 | Create | Villager (Male) |
| 6:46 | Create | Villager (Male) |
| 7:08 | Create | Villager (Male) |
| 7:08 | Create | Villager (Male) |
| 7:08 | Create | Villager (Male) |
| 7:08 | Create | Villager (Male) |
| 7:13 | Create | Villager (Male) |
| 7:20 | Create | Villager (Male) |
| 7:56 | Build | House |
| 7:57 | Build | House |
| 8:12 | Build | Palisade Wall |
| 8:13 | Create | Villager (Male) |
| 8:13 | Create | Villager (Male) |
| 8:32 | Create | Villager (Male) |
| 8:41 | Build | House |
| 8:57 | Create | Villager (Male) |
| 9:53 | Build | Lumber Camp |
| 10:54 | Build | Lumber Camp |
| 11:34 | Build | Palisade Wall |
| 11:36 | Research | Feudal Age |
| 12:25 | Build | Palisade Wall |
| 12:35 | Build | Palisade Gate |
| 12:39 | Create | Villager (Male) |
| 13:34 | Create | Villager (Male) |
| 13:42 | Build | Mining Camp |
| 13:46 | Age | Feudal Age |
| 13:52 | Build | Market |
| 14:35 | Build | House |
| 14:37 | Build | House |
| 14:39 | Build | House |
| 14:41 | Create | Villager (Male) |
| 14:41 | Create | Villager (Male) |
| 14:57 | Build | Mining Camp |
| 15:21 | Research | Horse Collar |
| 15:25 | Build | Blacksmith |
| 15:46 | Build | Palisade Wall |
| 15:50 | Create | Villager (Male) |
| 15:51 | Create | Villager (Male) |
| 15:55 | Research | Double-Bit Axe |
| 16:41 | Build | Mining Camp |
| 16:44 | Build | Farm |
| 16:45 | Build | Farm |
| 16:54 | Build | Farm |
| 16:57 | Create | Villager (Male) |
| 16:57 | Create | Villager (Male) |
| 17:25 | Build | Farm |
| 17:41 | Create | Villager (Male) |
| 17:49 | Build | Farm |
| 18:03 | Build | House |
| 18:05 | Build | House |
| 18:06 | Build | House |
| 18:15 | Build | Stone Wall |
| 18:23 | Build | Farm |
| 18:32 | Create | Villager (Male) |
| 19:06 | Research | Castle Age |
| 19:45 | Build | Barracks |
| 20:12 | Research | Scale Mail Armor |
| 20:20 | Research | Gold Mining |
| 20:31 | Build | Watch Tower |
| 20:39 | Research | Fletching |
| 21:22 | Create | Eagle Scout ×5 |
| 21:46 | Age | Castle Age |
| 21:48 | Create | Villager (Male) |
| 21:48 | Create | Villager (Male) |
| 22:00 | Build | Siege Workshop |
| 22:19 | Build | Town Center |
| 22:23 | Create | Villager (Male) |
| 22:23 | Create | Villager (Male) |
| 22:50 | Create | Eagle Scout |
| 22:50 | Create | Eagle Scout |
| 23:03 | Create | Villager (Male) |
| 23:34 | Create | Mangonel |
| 23:46 | Build | House |
| 23:48 | Build | House |
| 23:50 | Build | House |
| 23:55 | Create | Villager (Male) ×3 |
| 24:00 | Build | Farm |
| 24:01 | Build | Farm |
| 24:04 | Build | Farm |
| 24:04 | Build | Farm |
| 24:09 | Build | Farm |
| 25:30 | Research | Wheelbarrow |
| 25:35 | Build | Monastery |
| 25:37 | Research | Forging |
| 25:40 | Create | Villager (Male) |
| 25:40 | Create | Villager (Male) |
| 25:40 | Create | Villager (Male) |
| 25:57 | Build | Mining Camp |
| 26:15 | Create | Monk |
| 26:15 | Create | Monk |
| 26:15 | Create | Monk |
| 26:39 | Create | Villager (Male) ×5 |
| 26:53 | Build | Town Center |
| 27:25 | Research | Eagle Warrior (upgrade) |
| 28:06 | Create | Villager (Male) ×4 |
| 30:07 | Build | Lumber Camp |
| 30:54 | Build | Farm |
| 30:57 | Build | Farm |
| 30:59 | Create | Villager (Male) ×5 |
| 31:19 | Create | Villager (Male) ×5 |
| 31:22 | Build | Farm |
| 31:43 | Research | Chain Mail Armor |
| 31:54 | Build | Lumber Camp |
| 32:14 | Build | Farm |
| 32:16 | Build | Farm |
| 32:18 | Create | Villager (Male) |
| 32:19 | Create | Villager (Male) |
| 32:19 | Create | Villager (Male) |
| 32:30 | Research | Imperial Age |
| 32:34 | Research | Stone Mining |
| 32:51 | Build | House |
| 32:51 | Build | House |
| 32:52 | Build | House |
| 32:53 | Build | House |
| 32:54 | Build | House |
| 32:55 | Build | House |
| 32:55 | Build | House |
| 33:14 | Research | Hand Cart |
| 33:17 | Build | Farm |
| 33:22 | Create | Villager (Male) |
| 33:22 | Create | Villager (Male) |
| 33:35 | Research | Bow Saw |
| 33:47 | Build | Castle |
Build order — ComanddBR2
First 150 of 493 actions detected
| 0:01 | Create | Villager (Male) |
| 0:01 | Create | Villager (Male) |
| 0:02 | Create | Villager (Male) |
| 0:02 | Create | Villager (Male) |
| 0:04 | Build | House |
| 0:07 | Build | House |
| 1:34 | Create | Villager (Male) |
| 1:34 | Create | Villager (Male) |
| 2:16 | Create | Villager (Male) |
| 2:41 | Create | Villager (Male) |
| 3:06 | Create | Villager (Male) |
| 3:06 | Create | Villager (Male) |
| 3:22 | Create | Villager (Male) |
| 3:47 | Build | Lumber Camp |
| 3:54 | Research | Loom |
| 4:01 | Build | House |
| 4:35 | Create | Villager (Male) |
| 4:35 | Create | Villager (Male) |
| 5:02 | Create | Villager (Male) |
| 5:08 | Build | Mill |
| 5:10 | Create | Villager (Male) |
| 5:30 | Build | House |
| 5:41 | Create | Villager (Male) |
| 5:54 | Create | Villager (Male) |
| 6:07 | Create | Villager (Male) |
| 6:14 | Build | House |
| 6:15 | Build | House |
| 6:53 | Create | Villager (Male) |
| 7:15 | Create | Villager (Male) |
| 7:31 | Create | Villager (Male) |
| 8:07 | Create | Villager (Male) |
| 8:44 | Create | Villager (Male) |
| 8:50 | Build | House |
| 8:51 | Build | House |
| 9:06 | Create | Villager (Male) |
| 9:22 | Create | Villager (Male) |
| 9:38 | Create | Villager (Male) |
| 10:07 | Build | Mining Camp |
| 10:10 | Build | House |
| 10:15 | Create | Villager (Male) |
| 10:24 | Research | Feudal Age |
| 12:25 | Build | Lumber Camp |
| 13:02 | Age | Feudal Age |
| 13:05 | Create | Villager (Male) |
| 13:06 | Create | Villager (Male) |
| 13:21 | Build | Farm |
| 13:21 | Build | Farm |
| 13:21 | Build | Farm |
| 13:21 | Build | Farm |
| 13:22 | Build | Farm |
| 13:36 | Build | Market |
| 13:38 | Build | Blacksmith |
| 13:45 | Build | Farm |
| 14:13 | Create | Villager (Male) |
| 14:39 | Research | Castle Age |
| 15:05 | Build | Lumber Camp |
| 15:24 | Build | Lumber Camp |
| 16:28 | Research | Horse Collar |
| 16:32 | Research | Double-Bit Axe |
| 17:19 | Age | Castle Age |
| 17:21 | Create | Villager (Male) |
| 17:21 | Create | Villager (Male) |
| 17:21 | Create | Villager (Male) |
| 17:25 | Build | Town Center |
| 17:37 | Build | Town Center |
| 17:49 | Research | Heavy Plow |
| 18:00 | Build | Farm |
| 18:06 | Build | Farm |
| 18:10 | Build | Farm |
| 18:16 | Build | Farm |
| 18:20 | Build | Farm |
| 18:24 | Build | Farm |
| 18:38 | Build | Farm |
| 18:51 | Create | Villager (Male) |
| 18:52 | Create | Villager (Male) |
| 19:03 | Create | Villager (Male) |
| 19:03 | Create | Villager (Male) |
| 19:28 | Create | Villager (Male) |
| 19:29 | Create | Villager (Male) |
| 19:30 | Create | Villager (Male) |
| 19:39 | Build | Farm |
| 19:51 | Create | Villager (Male) |
| 19:52 | Create | Villager (Male) |
| 20:01 | Build | Farm |
| 20:11 | Create | Villager (Male) |
| 20:15 | Create | Villager (Male) |
| 20:16 | Create | Villager (Male) |
| 20:21 | Build | Farm |
| 20:23 | Build | Farm |
| 20:28 | Build | Farm |
| 20:29 | Create | Villager (Male) |
| 20:41 | Create | Villager (Male) |
| 20:49 | Build | Farm |
| 20:59 | Build | Farm |
| 21:00 | Build | Farm |
| 21:02 | Build | Farm |
| 21:04 | Build | Farm |
| 21:06 | Build | Farm |
| 21:09 | Create | Villager (Male) |
| 21:10 | Create | Villager (Male) |
| 21:18 | Build | Farm |
| 21:32 | Create | Villager (Male) |
| 21:32 | Create | Villager (Male) |
| 21:33 | Create | Villager (Male) |
| 21:48 | Build | House |
| 21:48 | Build | House |
| 21:49 | Build | House |
| 21:49 | Build | House |
| 21:49 | Build | House |
| 21:49 | Build | House |
| 21:50 | Build | House |
| 21:50 | Build | House |
| 21:50 | Build | House |
| 21:55 | Build | Farm |
| 22:14 | Create | Villager (Male) |
| 22:15 | Create | Villager (Male) |
| 22:16 | Create | Villager (Male) |
| 22:19 | Build | Farm |
| 22:21 | Build | Farm |
| 22:22 | Build | Farm |
| 22:25 | Create | Villager (Male) |
| 22:27 | Create | Villager (Male) |
| 22:46 | Build | Farm |
| 22:48 | Build | Farm |
| 22:50 | Build | Farm |
| 22:53 | Build | Farm |
| 22:55 | Create | Villager (Male) |
| 22:56 | Create | Villager (Male) |
| 22:57 | Create | Villager (Male) |
| 22:58 | Create | Villager (Male) |
| 23:32 | Build | Barracks |
| 23:34 | Create | Villager (Male) |
| 23:36 | Create | Villager (Male) |
| 23:37 | Research | Wheelbarrow |
| 23:41 | Build | Farm |
| 23:52 | Create | Villager (Male) |
| 23:53 | Create | Villager (Male) |
| 23:54 | Create | Villager (Male) |
| 23:56 | Create | Villager (Male) |
| 23:56 | Create | Villager (Male) |
| 23:59 | Build | Farm |
| 24:10 | Build | Farm |
| 24:11 | Build | Farm |
| 24:12 | Build | Farm |
| 24:18 | Build | House |
| 24:20 | Build | House |
| 24:21 | Build | House |
| 24:22 | Build | House |
| 24:25 | Create | Villager (Male) |
| 24:26 | Create | Villager (Male) |
Build order — sepa89
First 150 of 555 actions detected
| 0:02 | Create | Villager (Male) |
| 0:03 | Create | Villager (Male) |
| 0:03 | Create | Villager (Male) |
| 0:03 | Create | Villager (Male) |
| 0:04 | Create | Villager (Male) |
| 0:05 | Build | House |
| 0:07 | Build | House |
| 1:34 | Create | Villager (Male) |
| 1:34 | Create | Villager (Male) |
| 2:12 | Create | Villager (Male) |
| 2:13 | Create | Villager (Male) |
| 2:36 | Create | Villager (Male) |
| 2:36 | Create | Villager (Male) |
| 3:27 | Create | Villager (Male) |
| 3:28 | Create | Villager (Male) |
| 4:01 | Build | Lumber Camp |
| 4:04 | Build | House |
| 4:12 | Create | Villager (Male) |
| 4:13 | Create | Villager (Male) |
| 4:13 | Create | Villager (Male) |
| 4:13 | Create | Villager (Male) |
| 4:32 | Create | Villager (Male) |
| 4:32 | Create | Villager (Male) |
| 5:01 | Create | Villager (Male) |
| 5:17 | Create | Villager (Male) |
| 5:47 | Create | Villager (Male) |
| 5:48 | Create | Villager (Male) |
| 5:48 | Create | Villager (Male) |
| 5:52 | Build | Mill |
| 5:59 | Create | Villager (Male) |
| 6:39 | Build | House |
| 6:41 | Build | House |
| 6:53 | Create | Villager (Male) |
| 6:54 | Create | Villager (Male) |
| 6:54 | Create | Villager (Male) |
| 7:49 | Research | Loom |
| 8:24 | Research | Feudal Age |
| 8:35 | Build | Lumber Camp |
| 8:47 | Build | Barracks |
| 9:49 | Build | House |
| 9:51 | Build | House |
| 9:58 | Create | Villager (Male) |
| 9:59 | Create | Villager (Male) |
| 10:34 | Age | Feudal Age |
| 10:45 | Create | Villager (Male) |
| 10:49 | Research | Double-Bit Axe |
| 10:59 | Build | Archery Range |
| 11:07 | Create | Villager (Male) |
| 11:08 | Create | Villager (Male) |
| 11:32 | Build | Mining Camp |
| 11:44 | Build | House |
| 12:18 | Create | Archer |
| 12:18 | Create | Archer |
| 12:32 | Create | Villager (Male) |
| 12:33 | Create | Villager (Male) |
| 12:55 | Create | Villager (Male) |
| 13:03 | Build | Blacksmith |
| 13:14 | Build | Farm |
| 13:16 | Build | Farm |
| 13:17 | Build | Farm |
| 13:18 | Build | Farm |
| 13:20 | Build | Farm |
| 13:25 | Research | Horse Collar |
| 13:26 | Create | Villager (Male) |
| 13:27 | Create | Villager (Male) |
| 13:55 | Create | Archer |
| 13:56 | Create | Archer |
| 14:18 | Create | Villager (Male) |
| 14:47 | Research | Fletching |
| 14:54 | Build | Farm |
| 14:55 | Build | Farm |
| 14:56 | Build | Farm |
| 14:58 | Build | Farm |
| 15:00 | Build | Farm |
| 15:04 | Create | Villager (Male) |
| 15:19 | Create | Archer |
| 15:27 | Build | Farm |
| 15:29 | Create | Villager (Male) |
| 15:30 | Create | Villager (Male) |
| 15:38 | Build | Farm |
| 15:44 | Build | House |
| 15:44 | Build | House |
| 15:51 | Create | Archer |
| 15:57 | Create | Spearman |
| 16:07 | Build | Farm |
| 16:35 | Create | Villager (Male) |
| 16:53 | Build | Market |
| 16:59 | Build | Farm |
| 17:02 | Create | Villager (Male) |
| 17:17 | Build | Farm |
| 17:39 | Create | Villager (Male) |
| 17:43 | Build | Farm |
| 18:00 | Research | Castle Age |
| 18:04 | Create | Archer |
| 18:04 | Create | Archer |
| 18:21 | Build | Archery Range |
| 18:42 | Research | Gold Mining |
| 18:50 | Create | Trade Cart |
| 18:50 | Create | Trade Cart |
| 18:51 | Create | Trade Cart |
| 18:56 | Create | Trade Cart |
| 19:01 | Research | Padded Archer Armor |
| 19:19 | Create | Archer |
| 19:19 | Create | Archer |
| 19:19 | Create | Archer |
| 20:23 | Build | House |
| 20:24 | Build | House |
| 20:29 | Build | House |
| 20:33 | Create | Villager (Male) |
| 20:33 | Create | Villager (Male) |
| 20:37 | Create | Villager (Male) |
| 20:40 | Age | Castle Age |
| 20:53 | Research | Crossbowman (upgrade) |
| 20:55 | Research | Bodkin Arrow |
| 21:09 | Build | House |
| 21:10 | Build | House |
| 21:12 | Create | Villager (Male) |
| 21:13 | Create | Villager (Male) |
| 21:20 | Build | Town Center |
| 21:29 | Create | Villager (Male) |
| 21:43 | Build | Town Center |
| 22:07 | Create | Villager (Male) |
| 22:07 | Create | Villager (Male) |
| 22:17 | Research | Bow Saw |
| 22:20 | Research | Heavy Plow |
| 23:07 | Create | Villager (Male) |
| 23:08 | Create | Villager (Male) |
| 23:08 | Create | Villager (Male) |
| 23:26 | Build | Monastery |
| 23:28 | Create | Villager (Male) |
| 23:30 | Create | Villager (Male) |
| 23:30 | Create | Villager (Male) |
| 23:34 | Create | Villager (Male) |
| 23:34 | Create | Villager (Male) |
| 23:34 | Create | Villager (Male) |
| 23:48 | Create | Villager (Male) |
| 23:59 | Build | Siege Workshop |
| 24:15 | Create | Villager (Male) |
| 24:21 | Build | Farm |
| 24:22 | Build | Farm |
| 24:23 | Build | Farm |
| 24:24 | Build | Farm |
| 24:26 | Build | Farm |
| 24:28 | Create | Villager (Male) |
| 24:31 | Create | Villager (Male) |
| 24:35 | Create | Villager (Male) |
| 24:36 | Create | Villager (Male) |
| 24:36 | Create | Villager (Male) |
| 25:03 | Create | Monk |
| 25:17 | Create | Archer |
Match timeline
| 2:32 | OplitaScelto · wall_segment Palisade Wall x5 |
| 3:18 | OplitaScelto · wall_segment Palisade Wall x7 |
| 8:12 | OplitaScelto · wall_segment Palisade Wall x3 |
| 8:47 | sepa89 · first_building Barracks |
| 10:33 | CryAndDie · first_building Barracks |
| 10:34 | sepa89 · age_up feudal |
| 10:59 | sepa89 · first_building Archery Range |
| 11:34 | OplitaScelto · wall_segment Palisade Wall x10 |
| 12:25 | OplitaScelto · wall_segment Palisade Wall x10 |
| 12:26 | CryAndDie · age_up feudal |
| 12:29 | CryAndDie · first_building Stable |
| 13:02 | ComanddBR2 · age_up feudal |
| 13:46 | OplitaScelto · age_up feudal |
| 15:46 | OplitaScelto · wall_segment Palisade Wall x6 |
| 16:27 | CryAndDie · age_up castle |
| 17:19 | ComanddBR2 · age_up castle |
| 17:57 | sepa89 · first_market_buy 100 food |
| 18:15 | OplitaScelto · wall_segment Stone Wall x10 |
| 18:28 | OplitaScelto · first_market_buy 500 food |
| 18:30 | OplitaScelto · first_market_sell 500 wood |
| 18:54 | sepa89 · first_market_sell 100 food |
| 19:02 | CryAndDie · wall_segment Stone Wall x3 |
| 19:08 | CryAndDie · wall_segment Stone Wall x7 |
| 19:45 | OplitaScelto · first_building Barracks |
| 20:40 | sepa89 · age_up castle |
| 20:49 | CryAndDie · first_building Archery Range |
| 21:46 | OplitaScelto · age_up castle |
| 22:00 | OplitaScelto · first_building Siege Workshop |
| 23:26 | sepa89 · first_building Monastery |
| 23:32 | ComanddBR2 · first_building Barracks |
| 23:59 | sepa89 · first_building Siege Workshop |
| 25:35 | OplitaScelto · first_building Monastery |
| 25:54 | CryAndDie · first_building Monastery |
| 25:55 | ComanddBR2 · first_building Stable |
| 26:14 | CryAndDie · first_building Castle |
| 27:07 | sepa89 · first_building Stable |
| 27:14 | ComanddBR2 · first_building Castle |
| 31:00 | CryAndDie · age_up imperial |
| 32:11 | ComanddBR2 · age_up imperial |
| 33:47 | OplitaScelto · first_building Castle |
| 34:27 | ComanddBR2 · first_building Siege Workshop |
| 34:28 | CryAndDie · first_building Siege Workshop |
| 34:47 | sepa89 · age_up imperial |
| 35:40 | OplitaScelto · age_up imperial |
| 37:44 | sepa89 · first_building Castle |
| 47:12 | sepa89 · resign |
[ AI ANALYSIS · 1 CREDIT ]
What really happened in this match?
Wolo.gg analyzes every decision: build order, eco, micro, common mistakes by bracket. Personalized analysis on WhatsApp or Discord in 30 seconds.
Civ guide
Burgundians
Map guide
Amazon Tunnel
Perfil
Jugador #549421